 Dungeon Crawl Stone Soup version 0.32-a0-765-gfba4d74c8c (webtiles) character file.

Game seed: 17643596784222612649

94 IndexError the Ruffian (level 4, -2/44 HPs)
             Began as a Troll Fighter on Mar 18, 2024.
             Slain by an orc priest
             ... wielding a +0 whip
              (5 damage)
             ... on level 3 of the Dungeon.
             The game lasted 00:02:39 (1509 turns).

IndexError the Ruffian (Troll Fighter)              Turns: 1509, Time: 00:02:40

Health: -2/44      AC:  4    Str: 24    XL:     4   Next: 38%
Magic:  3/3        EV:  8    Int:  4    God:
Gold:   84         SH:  8    Dex: 11    Spells: 3/3 levels left

rFire   . .          .
                       - Unarmed
rCold   . . .        b - +0 kite shield
rNeg    . . .        a - +0 robe
rPois   .            (helmet currently unavailable)
rElec   .            (cloak currently unavailable)
rCorr   .            (gloves unavailable)
SInv    .            (boots unavailable)
Will    .....        (no amulet)
Stlth   +            (no ring)
HPRegen 1.07/turn    (no ring)
MPRegen 0.08/turn

%: no passive effects
@: beast-form
A: beast (slay +0), large, unfitting armour, claws 3, regeneration 1, shaggy fur
1, tough skin 1
a: Begin Untransformation, Convert to Beogh


You were on level 3 of the Dungeon.
You were a hulking beast.
You visited 1 branch of the dungeon, and saw 3 of its levels.

You collected 84 gold pieces.

Inventory:

Missiles
 d - 23 stones (quivered)
 g - 3 poisoned darts
Armour
 a - a +0 robe (worn)
 b - a +0 kite shield (worn)
Magical Staves
 v - a staff of cold {rC+}
   (You found it on level 2 of the Dungeon)
Talismans
 i - a storm talisman
   (You found it on level 2 of the Dungeon)
 k - a beast talisman (active)
   (You found it on level 1 of the Dungeon)
Scrolls
 e - 3 scrolls of identify {unknown}
 f - 2 scrolls of immolation {unknown}
 h - a scroll of fear {unknown}
 n - a scroll of amnesia {unknown}
Potions
 c - a potion of might
 j - a potion of enlightenment {unknown}
 m - a potion of attraction {unknown}
 w - 2 potions of ambrosia {unknown}
 z - a potion of resistance {unknown}
 A - a potion of haste {unknown}


   Skills:
 + Level 2.9 Fighting
 + Level 2.9 Dodging
 + Level 3.2 Shields
 * Level 3.3 Unarmed Combat


You had 3 spell levels left.
You didn't know any spells.
Your spell library contained the following spells:

 Spells                   Type           Power      Damage    Failure   Level
 Dazzling Flash           Conj/Hex       0%         N/A       98%         3
 Fugue of the Fallen      Necr           0%         N/A       98%         3
 Mephitic Cloud           Conj/Alch/Air  0%         N/A       98%         3
 Ozocubu's Armour         Ice            0%         N/A       98%         3
 Manifold Assault         Tloc           0%         N/A       100%        4
 Curse of Agony           Necr           0%         N/A       100%        5
 Silence                  Hex/Air        0%         N/A       100%        5


Dungeon Overview and Level Annotations

Branches:
Dungeon (3/15)

Altars:


Innate Abilities, Weirdness & Mutations

You are a hulking beast.
Your limbs bulge with bestial killing power. (Slay +0)
You are too large for most types of armour.
You have claws for hands.
Your natural rate of healing is unusually fast.
You are covered in fur. (AC +1)
You have tough skin. (AC +1)


Message History

There is a stone staircase leading up, spattered with blood here.
There is a stone staircase leading down here.
You climb downwards.
Found a scroll labelled DAOPUIMOMU and a scroll labelled FEUR GA IMU.
Found a stone staircase leading up.
There is a stone staircase leading up here.
You climb upwards.
There is a stone staircase leading down here.
Search for what [Enter for "throw", or ? for help]? talis You see here a storm talisman.
i - a storm talisman
There is a stone staircase leading down here.
You climb downwards.
There is a stone staircase leading up here.
You climb upwards.
There is a stone staircase leading down here.
Search for what [Enter for "talis", or ? for help]?
There is a stone staircase leading up, spattered with blood here.
You climb upwards.
There is a stone staircase leading down here.
You see here a beast talisman.
k - a beast talisman
Okay, then.
You begin transforming.
You continue transforming. x3
You turn into a hulking beast.
Unknown command.
Unknown command.
Unknown command.
Unknown command.
Unknown command.
Unknown command.
Unknown command.
Unknown command.
Unknown command.
Unknown command.
Done exploring.
Unknown command.
There is an escape hatch in the floor here.
There is a stone staircase leading down here.
You climb downwards.
There is a stone staircase leading up here.
Done exploring.
There is a stone staircase leading down here.
You climb downwards.
The orc hits you from afar with a +0 trident.
There is a stone staircase leading up here.
You take 2 damage, and have 42/44 hp.
An orc and an orc priest come into view.
The orc shouts! x2; You hear a shout!
The orc barely misses you. The orc hits you with a +0 trident.
You barely miss the orc. You block the orc's attack. The orc barely misses you.
You block the orc's attack.
Health restored: 44 You closely miss the orc.
The orc hits you with a +0 club. You block the orc's attack. x2
You take 3 damage, and have 41/44 hp.
You claw the orc! The orc hits you with a +0 trident.
You block the orc's attack.
You take 3 damage, and have 38/44 hp.
You scratch the orc. The orc closely misses you.
The orc hits you but does no damage. You block the orc's attack.
There is a stone staircase leading up here.
You scratch the orc but do no damage. The orc completely misses you.
The orc hits you from afar with a +0 trident!
You take 6 damage, and have 34/44 hp.
You scratch the orc. The orc hits you with a +0 short sword.
The orc hits you from afar with a +0 trident.
The orc priest invokes the aid of Beogh against you.
Beogh smites you!
You hear a shout!
The orc priest shouts, "Beogh offers mercy even to people such as you.
Join us and be reborn!" (press Y on the ability menu to convert to Beogh)
You take 15 damage, and have 19/44 hp.
MASSIVE DAMAGE!!
You are too injured to fight recklessly!
You are too injured to fight recklessly!
You are too injured to fight recklessly!
You are too injured to fight recklessly!
You are too injured to fight recklessly!
You are too injured to fight recklessly!
You are too injured to fight recklessly!
You scratch the orc but do no damage. The orc hits you with a +0 short sword.
The orc hits you from afar with a +0 trident.
* * * LOW HITPOINT WARNING * * *
The orc priest looks braver for a moment.
You take 9 damage, and have 10/44 hp.
MASSIVE DAMAGE!!
You scratch the orc.
The orc hits you from afar with a +0 trident.
* * * LOW HITPOINT WARNING * * *
The orc priest miscasts a cantrip.
You take 4 damage, and have 6/44 hp.
An orc comes into view. It is wielding a +0 short sword.
The orc hits you but does no damage. The orc priest barely misses you.
Things that are here:
a +0 short sword; a +0 ring mail; an orc corpse The orc hits you from afar with a +0 trident.
* * * LOW HITPOINT WARNING * * *
The orc priest attacks as it pursues you!
The orc priest hits you with a +0 whip.
You die...

#.# .?. ..#
...# ...#
#...# # ##
#...#####)##
#......hoo$#
#..######.##
o# .# ##


You could see an orc priest and an orc.

Vanquished Creatures
  5 gnolls
  2 orcs (D:3)
  6 ball pythons
  4 bats (D:1)
  2 endoplasms (D:1)
  2 giant cockroaches (D:1)
  5 goblins
  2 hobgoblins (D:1)
  4 jackals (D:1)
  5 kobolds
  A quokka (D:1)
  2 frilled lizards (D:1)
  A rat (D:1)
41 creatures vanquished.

Notes
Turn   | Place    | Note
-------+----------+-------------------------------------------
     0 | D:1      | IndexError the Troll Fighter began the quest for the Orb.
     0 | D:1      | Reached XP level 1. HP: 22/22 MP: 0/0
   197 | D:1      | Reached XP level 2. HP: 29/29 MP: 1/1
   413 | D:1      | Reached skill level 3 in Shields
   413 | D:1      | Reached XP level 3. HP: 36/36 MP: 2/2
   889 | D:2      | Reached skill level 3 in Unarmed Combat
   917 | D:1      | Reached XP level 4. HP: 31/44 MP: 3/3
  1506 | D:3      | HP: 10/44 [orc/+0 trident (6)]
  1509 | D:3      | HP: 3/44 [orc/+0 trident (5)]
  1509 | D:3      | Slain by an orc priest

Illustrated notes

Levels and vault maps discovered:
D:1:      ebering_trefoil_3fold, layout_loops_ring
D:2:      layout_rooms
D:3:      layout_loops_ring, serial_aquarium, aquarium_bridge_island_small
          [aquarium_subvault_small_open, aquarium_subvault_bridge,
          aquarium_subvault_bridge, aquarium_subvault_balcony,
          aquarium_subvault_wall], aquarium_bridge_square
          [aquarium_subvault_balcony, aquarium_subvault_bridge,
          aquarium_subvault_bridge, aquarium_subvault_wall],
          aquarium_window_fake, aquarium_window_1, aquarium_window_corridor_1,
          aquarium_view_2a, aquarium_view_2b, aquarium_pool_S

Skill      XL: |  1  2  3 |
---------------+----------+-----
Shields        | 3 |  3.2
Unarmed Combat | 3 |  3.3
Fighting       | |  2.9
Dodging        | |  2.9

Action                     |  1- 3 |  4- 6 || total
---------------------------+-------+-------++-------
  Melee: Unarmed           |    88 |    14 ||   102
 Armour: Robe              |    72 |    18 ||    90
  Dodge: Dodged            |    39 |     9 ||    48
  Block: Kite shield       |    40 |    10 ||    50
   Form: Beast             |       |     1 ||     1

Table legend: (Time is in decaauts)
 A = Elapsed time spent in this place.
 B = Non-inter-level travel time spent in this place.
 C = Inter-level travel time spent in this place.
 D = Time resting spent in this place.
 E = Time spent auto-exploring this place.
 F = Levels seen in this place.
 G = Mean time per level.
                   A        B        C        D        E       F      G
               +--------+--------+--------+--------+--------+-----+--------+
         Total |   1523 |   1205 |    318 |      0 |    887 |   3 |  507.7 |
       Dungeon |   1523 |   1205 |    318 |      0 |    887 |   3 |  507.7 |
               +--------+--------+--------+--------+--------+-----+--------+

Top non-repeatable levels by time:
     D:1: 949 daAuts
     D:2: 558 daAuts
     D:3: 16 daAuts

Levels and vault maps discovered:
D:1:      ebering_trefoil_3fold, layout_loops_ring
D:2:      layout_rooms
D:3:      layout_loops_ring, serial_aquarium, aquarium_bridge_island_small
          [aquarium_subvault_small_open, aquarium_subvault_bridge,
          aquarium_subvault_bridge, aquarium_subvault_balcony,
          aquarium_subvault_wall], aquarium_bridge_square
          [aquarium_subvault_balcony, aquarium_subvault_bridge,
          aquarium_subvault_bridge, aquarium_subvault_wall],
          aquarium_window_fake, aquarium_window_1, aquarium_window_corridor_1,
          aquarium_view_2a, aquarium_view_2b, aquarium_pool_S

Table legend: (Time is in decaauts)
 A = Elapsed time spent in this place.
 B = Non-inter-level travel time spent in this place.
 C = Inter-level travel time spent in this place.
 D = Time resting spent in this place.
 E = Time spent auto-exploring this place.
 F = Levels seen in this place.
 G = Mean time per level.
                   A        B        C        D        E       F      G
               +--------+--------+--------+--------+--------+-----+--------+
         Total |   1523 |   1205 |    318 |      0 |    887 |   3 |  507.7 |
       Dungeon |   1523 |   1205 |    318 |      0 |    887 |   3 |  507.7 |
               +--------+--------+--------+--------+--------+-----+--------+

Top non-repeatable levels by time:
     D:1: 949 daAuts
     D:2: 558 daAuts
     D:3: 16 daAuts

Table legend:
 A = Kills in this place as a percentage of kills in the entire game.
 B = Kills by you in this place as a percentage of kills by you in the entire game.
 C = Kills by friends in this place as a percentage of kills by friends in the entire game.
 D = Other kills in this place as a percentage of other kills in the entire game.
 E = Experience gained in this place as a percentage of experience gained in the entire game.
 F = Experience gained in this place divided by the number of levels of this place that you have seen.
                   A       B       C       D       E      F
               +-------+-------+-------+-------+-------+----------------------
         Total | 100.0 | 100.0 |   N/A |   N/A | 100.0 |  45.0
       Dungeon | 100.0 | 100.0 |   N/A |   N/A | 100.0 |  45.0
               +-------+-------+-------+-------+-------+----------------------
